[Event "Team 45 45 League T23"]
[Site "Free Internet Chess Server"]
[Date "2004.06.30"]
[Round "4"]
[White "ButiOxa"]
[Black "fismoluni"]
[Result "1-0"]
[WhiteElo "1753"]
[BlackElo "1646"]
[TimeControl "2700+45"]

1. e4 c5 2. Nc3 Nc6 3. g3 Nf6 4. Bg2 e6 5. f4 d6 6. d3 Be7 7. Nf3 Qc7 8. O-O O-O 9. h3 Bd7 10. Kh2 a6 11. Ne2 h6 12. c3 Rfe8 13. b3 b6 14. Bb2 Rad8 15. Rc1 Qb8 16. Qe1 Rc8 17. Qf2 Bd8 18. Nd2 Bc7 19. a3 Re7 20. d4 e5 21. fxe5 dxe5 22. d5 Na5 23. b4 Nb7 24. Ng1 Bg4 25. Ngf3 Nd6 26. Qe2 Bd7 27. Nh4 Rce8 28. g4 Qc8 29. Nf5 Nxf5 30. gxf5 Qb7 31. bxc5 bxc5 32. Rb1 Qa7 33. c4 Ba4 34. Bc3 Rb8 35. Rxb8+ Qxb8 36. Rb1 Qa7 37. Bf3 Bb6 38. Qg2 Rb7 39. Rg1 Ne8 40. Bxe5 f6 41. Bc3 Bc7+ 42. d6 Bxd6+ 43. e5 Bxe5+ 44. Bxe5 fxe5 45. Bxb7 Qxb7 46. Qxb7   {Black resigns} 1-0

[Event "Team 45 45 League T23"]
[Site "Free Internet Chess Server"]
[Date "PDT.07.0"]
[Round "4"]
[White "Zakath"]
[Black "SamuraiGoroh"]
[Result "1-0"]
[WhiteElo "1383"]
[BlackElo "1338"]
[TimeControl "2700+45"]

1. d4 e6 2. c4 c5 3. d5 Qe7 4. e4 e5 5. Nc3 a6 6. Nf3 d6 7. Be2 Nd7 8. O-O Nb6 9. Be3 Bg4 10. Nd2 Bxe2 11. Qxe2 g6 12. Rfe1 Bh6 13. Nf1 Bxe3 14. Qxe3 Nxc4 15. Qe2 b5 16. a4 Nb6 17. axb5 axb5 18. Nxb5 Rxa1 19. Rxa1 Nf6 20. Ra7 Nfd7 21. Nc7+ Kd8 22. Qa6 f5 23. Ne6+ Ke8 24. Ra8+ Nxa8 25. Qxa8+ Kf7 26. Qxh8 Nf8 27. Qg7+ Ke8 28. Qxe7+ Kxe7 29. Nxf8 Kxf8 30. exf5 gxf5 31. Ne3 f4 32. Nf5 e4 33. Kf1 h5 34. Ke2 Kf7 35. Nxd6+ Kf6 36. Nxe4+ Ke5 37. Nxc5 Kxd5 38. Nd7 h4 39. Nf6+ Ke5 40. Ng4+ Kd4 41. Kf3 Kc4 42. Kxf4 Kb3 43. Kg5 Kxb2 44. Kxh4 Kc3 45. Kg5 Kd4 46. h4 Kd5 47. h5 Ke6 48. Kg6 Ke7 49. Kg7 Ke6 50. h6 Kf5 51. f3 Kf4 52. h7 Kg3 53. h8=Q Kxg2 54. Qh2+ Kxf3 55. Ne5+ Ke4 56. Qh5 Kd4 57. Kf6 Ke4 58. Ke6 Kd4 59. Nc6+ Ke4 60. Qf5+ Ke3 61. Qg4 Kd3 62. Kd5 Ke3 63. Qg3+ Kd2 64. Kd4 Kc2 65. Kc4 Kd2 66. Qf2+ Kd1 67. Kd3   {Black resigns} 1-0

[Event "Team 45 45 League T23"]
[Site "Free Internet Chess Server"]
[Date "PDT.07.0"]
[Round "4"]
[White "ggrayggray"]
[Black "zcomcon"]
[Result "1-0"]
[WhiteElo "1730"]
[BlackElo "1692"]
[TimeControl "2700+45"]

1. d4 d5 2. c4 e6 3. Nc3 c5 4. cxd5 exd5 5. Nf3 Nf6 6. Bg5 c4 7. Bxf6 gxf6 8. Qa4+ Bd7 9. Qc2 Be6 10. e4 Bb4 11. exd5 Bxc3+ 12. bxc3 Qxd5 13. Nd2 Bf5 14. Qa4+ b5 15. Bxc4 Qxg2 16. Qxb5+ Bd7 17. Qd5 Qxd5 18. Bxd5 Bc6 19. Ne4 Ke7 20. Bxc6 Nxc6 21. Rb1 Rab8 22. Kd2 Rb6 23. Rxb6 axb6 24. Ke3 Ra8 25. Rb1 Ra6 26. Kf4 Ke6 27. Rb2 Na5 28. Re2 Ra7 29. Ng5+ Kd5 30. Nxh7 Kc4 31. Nxf6 Kxc3 32. d5 Nc4 33. h4 Kd3 34. Re8 Rxa2 35. Ne4 b5 36. d6 Nxd6 37. Rd8 b4 38. Rxd6+ Kc2 39. Rd2+ Kb3 40. Nc5+ Ka3 41. Rxa2+ Kxa2 42. h5   {Black resigns} 1-0

[Event "Team 45 45 League T23"]
[Site "Free Internet Chess Server"]
[Date "PDT.07.0"]
[Round "4"]
[White "DesparateDan"]
[Black "twotowers"]
[Result "1-0"]
[WhiteElo "1666"]
[BlackElo "1604"]
[TimeControl "2700+45"]

1. e4 e5 2. Nf3 Nc6 3. Bb5 a6 4. Ba4 Nf6 5. O-O Be7 6. Re1 b5 7. Bb3 O-O 8. a4 Bb7 9. d3 d6 10. Nbd2 Na5 11. Ba2 c5 12. c3 Nc6 13. Bb1 Qc7 14. Nf1 d5 15. exd5 Nxd5 16. Ng3 b4 17. Ne4 Rfd8 18. Nfg5 h6 19. Nf3 Rd7 20. Ng3 bxc3 21. bxc3 Nxc3 22. Qc2 Nxb1 23. Rxb1 Nb4 24. Qe2 f6 25. Rd1 Rad8 26. Ne1 Qc6 27. Nf5 Bf8 28. Nh4 Qxa4 29. Be3 Qc6 30. Qg4 Nxd3 31. Bxh6 Nxf2 32. Kxf2 Rxd1 33. Rxd1 Rxd1 34. Qxd1 gxh6 35. Qg4+ Bg7 36. Nf5 Kh7 37. Qxg7#   {Black checkmated} 1-0

[Event "Team 45 45 League T23"]
[Site "Free Internet Chess Server"]
[Date "PDT.07.0"]
[Round "4"]
[White "Jabo"]
[Black "petlya"]
[Result "0-1"]
[WhiteElo "1423"]
[BlackElo "1652"]
[TimeControl "2700+45"]

1. e4 e5 2. Nf3 Nc6 3. Bc4 Bc5 4. c3 Nf6 5. d4 exd4 6. cxd4 Bb4+ 7. Nc3 O-O 8. O-O Bxc3 9. bxc3 Nxe4 10. Qd3 d5 11. Bb3 Na5 12. c4 Nxb3 13. axb3 c6 14. Nd2 Nxd2 15. Bxd2 Re8 16. Rfe1 Be6 17. h3 Qf6 18. Qg3 Qxd4 19. Bh6 Qf6 20. Bg5 Qg6 21. Re3 h6 22. Bf4 Qxg3 23. Bxg3 dxc4 24. Rae1 cxb3 25. Be5 a5 26. f4 Bd5 27. Bd4 Rxe3 28. Rxe3 Kh7 29. Re7 b5 30. Kf2 a4 31. g4 a3 32. f5 b2 33. Re1 Ba2 34. Ra1 bxa1=Q 35. Bxa1 Bd5 36. Kg3 b4 37. Kh4 b3 38. Kh5 b2 39. h4 b1=Q 40. Bf6 g6+ 41. fxg6+ fxg6#   {White checkmated} 0-1

[Event "Team 45 45 League T23"]
[Site "Free Internet Chess Server"]
[Date "PDT.07.0"]
[Round "4"]
[White "JayH"]
[Black "chesstalker"]
[Result "1-0"]
[WhiteElo "1443"]
[BlackElo "1262"]
[TimeControl "2700+45"]

1. e4 e5 2. Nf3 Nc6 3. a3 Bc5 4. Nc3 a6 5. Bc4 Nf6 6. d3 Ng4 7. O-O d6 8. h3 Nf6 9. Bg5 O-O 10. Nd5 h6 11. Nxf6+ gxf6 12. Bxh6 Re8 13. Nh4 f5 14. Qh5 Qf6 15. Nxf5 Be6 16. Bg7 Qxg7 17. Nxg7 Kxg7 18. Qg5+ Kh7 19. Kh1 Ne7 20. Bxe6 fxe6 21. Qh4+ Kg7 22. Qg4+ Kh7 23. f4 Rg8 24. Qxe6 Rae8 25. fxe5 Ng6 26. Rf7+ Kh8 27. Qf6+ Rg7 28. Qxg7#   {Black checkmated} 1-0

[Event "Team 45 45 League T23"]
[Site "Free Internet Chess Server"]
[Date "PDT.07.0"]
[Round "4"]
[White "Tokyo"]
[Black "Relu"]
[Result "1-0"]
[WhiteElo "2131"]
[BlackElo "1866"]
[TimeControl "2700+45"]

1. c4 Nf6 2. Nc3 g6 3. e4 d6 4. g3 Bg7 5. Bg2 O-O 6. h3 e5 7. Nge2 Be6 8. d3 Qd7 9. Be3 c6 10. f4 d5 11. fxe5 Ne8 12. cxd5 cxd5 13. exd5 Bf5 14. g4 Bxg4 15. hxg4 Qxg4 16. O-O Bxe5 17. d4 Bd6 18. Nf4 Qd7 19. Qf3 Ng7 20. Ne4 f5 21. Nxd6 Qxd6 22. Ne6 Nxe6 23. dxe6 Qxe6 24. Qd5   {Black resigns} 1-0

[Event "Team 45 45 League T23"]
[Site "Free Internet Chess Server"]
[Date "PDT.07.0"]
[Round "4"]
[White "yonailo"]
[Black "Hrenoff"]
[Result "0-1"]
[WhiteElo "1774"]
[BlackElo "2029"]
[TimeControl "2700+45"]

1. e4 Nf6 2. e5 Nd5 3. Bc4 Nb6 4. Bb3 c5 5. c3 Nc6 6. d4 c4 7. Bc2 d5 8. exd6 Qxd6 9. Qf3 e5 10. dxe5 Qxe5+ 11. Ne2 Nd5 12. O-O Bd6 13. Ng3 h5 14. Qe4 Be6 15. Qxe5 Bxe5 16. Nd2 Nf4 17. Nf3 Bc7 18. Nf5 O-O-O 19. N3d4 Nxd4 20. Nxd4 Rxd4 21. cxd4 Ne2+ 22. Kh1 Nxd4 23. Bd1 h4 24. Be3 h3 25. g3 Nf5 26. Bc2 Bd5+ 27. Kg1 Nxe3 28. fxe3 Bxg3 29. hxg3 h2+ 30. Kf2 h1=Q 31. Rxh1 Rxh1 32. Rxh1 Bxh1 33. g4 Bd5 34. a3 Kc7 35. Kg3 g5 36. Kf2 Kd6 37. Ke2 Be6 38. Kf3 b5 39. Kg3 a5 40. Kf3 b4 41. axb4 axb4 42. Kg3 Kc5 43. Kf3 Bd5+ 44. Kf2 b3 45. Bb1 c3 46. bxc3 Kc4 47. e4 Be6 48. Kf3 Kxc3 49. e5   {White resigns} 0-1

[Event "Team 45 45 League T23"]
[Site "Free Internet Chess Server"]
[Date "PDT.07.0"]
[Round "4"]
[White "MrRabbit"]
[Black "ground"]
[Result "1-0"]
[WhiteElo "2030"]
[BlackElo "1656"]
[TimeControl "2700+45"]

1. e4 e5 2. Nf3 Nc6 3. Bb5 Qf6 4. c3 Bc5 5. O-O Nge7 6. d3 a6 7. Bc4 d6 8. Bg5 Qg6 9. b4 Ba7 10. a4 h6 11. Bh4 O-O 12. b5 Na5 13. Bxe7 Bh3 14. Nh4 Rfe8 15. Nxg6 Bd7 16. Ba2 axb5 17. Qf3 Be6 18. Bxe6 fxe6 19. axb5 Nb3 20. Ra2 Nc5 21. Nd2 Nd7 22. Rfa1 Bxf2+ 23. Kxf2 Rxa2 24. Rxa2 Nc5 25. Kg1 Nd7 26. Ra7 Kh7 27. Nf8+ Nxf8 28. Bxf8 Kg8 29. Bxd6 b6 30. Rxc7   {Black resigns} 1-0

[Event "Team 45 45 League T23"]
[Site "Free Internet Chess Server"]
[Date "PDT.07.0"]
[Round "4"]
[White "VAlex"]
[Black "jikes"]
[Result "0-1"]
[WhiteElo "1923"]
[BlackElo "1719"]
[TimeControl "2700+45"]

1. e4 e5 2. Nf3 Nc6 3. Bb5 f5 4. O-O Nf6 5. Bxc6 dxc6 6. Nxe5 fxe4 7. Re1 Bc5 8. c3 O-O 9. d4 exd3 10. Nxd3 Bb6 11. Bg5 Bf5 12. Nf4 Qd6 13. Na3 Ne4 14. Nd3 Nxg5 15. Qb3+ Kh8 16. Rad1 Bxd3 17. c4 Bxf2+ 18. Kh1   {White resigns} 0-1

[Event "Team 45 45 League T23"]
[Site "Free Internet Chess Server"]
[Date "PDT.07.0"]
[Round "4"]
[White "Chessface"]
[Black "adingod"]
[Result "0-1"]
[WhiteElo "1652"]
[BlackElo "1860"]
[TimeControl "2700+45"]

1. c4 Nf6 2. Nc3 g6 3. g3 Bg7 4. Bg2 O-O 5. e4 d6 6. Nge2 e5 7. O-O Be6 8. d3 c6 9. h3 Na6 10. Be3 Nd7 11. f4 f5 12. exf5 Bxf5 13. a3 exf4 14. Nxf4 Qe7 15. Qd2 Nac5 16. Bxc5 Nxc5 17. Rae1 Qg5 18. Kh2 Nxd3 19. h4 Qh6 20. Re7 Be5 21. Ne4 Bxe4 22. Bxe4 Bxf4 23. Qxd3 Qxh4+ 24. Kg2 Bxg3 25. Qxg3 Qxe7 26. Bf3 Rae8 27. Rh1 Rf5 28. Qh3 Rg5+ 29. Kf2 Qe3+ 30. Kf1 Qe1#   {White checkmated} 0-1

[Event "Team 45 45 League T23"]
[Site "Free Internet Chess Server"]
[Date "2004.06.30"]
[Round "4"]
[White "KlassAct"]
[Black "phorku"]
[Result "1-0"]
[WhiteElo "1457"]
[BlackElo "1501"]
[TimeControl "2700+45"]

1. e4 d5 2. exd5 Nf6 3. Nf3 Bg4 4. Be2 Qxd5 5. Nc3 Qh5 6. d3 Nc6 7. h3 O-O-O 8. Nd2 Bxe2 9. Qxe2 Qf5 10. Nde4 e6 11. a3 Be7 12. Be3 Nd4 13. Bxd4 Rxd4 14. Ng3 Qg6 15. O-O-O Nd5 16. Nxd5 Rxd5 17. Qe4 f5 18. Qa4 a6 19. Rhg1 Rhd8 20. Ne2 Qf6 21. Nc3 Rd4 22. Qb3 R8d6 23. Rge1 Rb6 24. Qa2 Qg5+ 25. Kb1 Rdd6 26. g3 Bf6 27. Na4 Rxb2+ 28. Nxb2 Bxb2 29. Kxb2 Rb6+ 30. Ka1 Qf6+ 31. d4 Kb8 32. c3 c5 33. Qc4 Rc6 34. Re5 cxd4 35. Qxd4 Rc4 36. Qxc4 Qxe5 37. Rd8+ Ka7 38. Qd4+ Qxd4 39. Rxd4 g6 40. Rd7 h5 41. Re7 a5 42. Rxe6 g5 43. Re5   {Black resigns} 1-0

[Event "Team 45 45 League T23"]
[Site "Free Internet Chess Server"]
[Date "PDT.07.0"]
[Round "4"]
[White "ImagineTHAT"]
[Black "wook"]
[Result "0-1"]
[WhiteElo "1378"]
[BlackElo "1528"]
[TimeControl "2700+45"]

1. e4 c5 2. c3 d5 3. Bd3 e6 4. Nf3 a6 5. Be2 Nc6 6. d3 Qc7 7. h3 Nf6 8. Qc2 Bd7 9. Be3 Be7 10. Nbd2 h6 11. Nb3 b6 12. a3 O-O 13. d4 cxd4 14. Nfxd4 Nxd4 15. Bxd4 Rac8 16. e5 Ne4 17. Nd2 Nxd2 18. Qxd2 Bc5 19. Qe3 Bxd4 20. Qxd4 a5 21. O-O Qc5 22. Qf4 Bb5 23. Bxb5 Qxb5 24. Qd2 Qc4 25. Rfe1 Rcd8 26. Rad1 Rd7 27. Re3 Rfd8 28. Rd3 b5 29. Rd4 Qc7 30. Qe3 Qc5 31. Rc1 Rc8 32. b4 axb4 33. axb4 Qa7 34. h4 Rdc7 35. Kh2 Qa3 36. Qe2 Qxc1 37. Qxb5 Qxc3 38. Rd3 Qxe5+ 39. g3 Qe2 40. Kg2 Rc2 41. Qa6 Qxf2+ 42. Kh3 Qg2+ 43. Kg4 R2c4+ 44. Kh5 Qe2+ 45. g4 Qxg4#   {White checkmated} 0-1

[Event "Team 45 45 League T23"]
[Site "Free Internet Chess Server"]
[Date "PDT.07.0"]
[Round "4"]
[White "mrmahoon"]
[Black "blkmagic"]
[Result "1-0"]
[WhiteElo "1544"]
[BlackElo "1157"]
[TimeControl "2700+45"]

1. e4 e5 2. Nf3 Nc6 3. Bb5 a6 4. Bxc6 bxc6 5. Nxe5 Nf6 6. Nc3 d6 7. Nf3 d5 8. e5 Qe7 9. d4 Ne4 10. O-O Bg4 11. Qd3 Rd8 12. Nxe4 dxe4 13. Qxe4 f5 14. Qxc6+ Kf7 15. Ng5+ Kg8 16. Qe6+ Qxe6 17. Nxe6 Be2 18. Nxd8 Bxf1 19. Kxf1 Be7 20. Ne6 Kf7 21. Nxc7 Rc8 22. Nd5 Rxc2 23. Nxe7 Kxe7 24. b3 h6 25. Be3 g5 26. g3 a5   {Black resigns} 1-0

[Event "Team 45 45 League T23"]
[Site "Free Internet Chess Server"]
[Date "PDT.07.0"]
[Round "4"]
[White "RFFISCHER"]
[Black "threeNT"]
[Result "0-1"]
[WhiteElo "1545"]
[BlackElo "1678"]
[TimeControl "2700+45"]

1. e4 e5 2. Nf3 Nc6 3. Bc4 Bc5 4. b4 Bxb4 5. c3 Ba5 6. d4 d6 7. Bb2 Bg4 8. O-O Qf6 9. d5 Nb8 10. Qa4+ Nd7 11. Qxa5 Bxf3 12. gxf3 Qxf3 13. Nd2 Qg4+ 14. Kh1 b6 15. Qb5 Nf6 16. Be2 Qh3 17. Rg1 g6 18. Qc6 Ke7 19. Rg3 Qh6 20. Bc1 Nh5 21. Rh3 Qf4 22. Bg4 Nhf6 23. Bxd7 Nxd7 24. f3 Qe3 25. Nf1 Qe1 26. Bb2 Qe2 27. Ba3 Rac8 28. c4 Nf6 29. Kg1 Qd3 30. Bb2 Nxe4 31. Re1 Ng5 32. Rg3 Nxf3+ 33. Kf2 Nxe1 34. Rxd3 Nxd3+ 35. Kg1 Nxb2 36. Ne3 f5 37. a4 f4 38. Ng4 h5 39. Nxe5 dxe5 40. Qe6+ Kd8 41. Qf6+ Kd7 42. Qe6+ Kd8 43. Qxe5 Re8 44. Qxb2 Ke7 45. Qe5+ Kd7 46. Qxf4 Rf8 47. Qe3 Rce8 48. Qh3+ Rf5 49. a5 Re1+ 50. Kg2 Rf1 51. axb6 axb6 52. d6 cxd6 53. c5 bxc5 54. Kg3 Rf3+ 55. Kh4 Rxh3+ 56. Kxh3 c4 57. Kh4 c3 58. h3 c2 59. Kg3 c1=Q 60. h4 d5 61. Kg2 Qd2+ 62. Kg3 Qf4+ 63. Kh3 Qf3+ 64. Kh2 Re5 65. Kg1 Re1+ 66. Kh2 Re2+ 67. Kg1 Qg2#   {White checkmated} 0-1

[Event "Team 45 45 League T23"]
[Site "Free Internet Chess Server"]
[Date "PDT.07.0"]
[Round "4"]
[White "lamtarra"]
[Black "senorquinn"]
[Result "0-1"]
[WhiteElo "1479"]
[BlackElo "1438"]
[TimeControl "2700+45"]

1. e4 g6 2. d3 Bg7 3. Nc3 d6 4. Nf3 Nc6 5. g3 e5 6. Bg2 f5 7. exf5 gxf5 8. O-O Nf6 9. Bg5 O-O 10. d4 exd4 11. Nxd4 Nxd4 12. Qxd4 Kh8 13. h4 h6 14. Bf4 Nd7 15. Qd3 Ne5 16. Bxe5 Bxe5 17. f4 Bg7 18. Rab1 c6 19. Rbd1 Qb6+ 20. Rf2 Qxb2 21. Rf3 Qb6+ 22. Kf1 d5 23. Ne2 Be6 24. Nd4 Bxd4 25. Qxd4+ Qxd4 26. Rxd4 Rae8 27. Rd2 Re7 28. Kf2 Rfe8 29. Rb3 Kg7 30. Kf3 d4 31. Re2 Bxb3 32. Rxe7+ Rxe7 33. cxb3 d3 34. Bf1 d2 35. Be2 Kf7 36. h5 Ke8 37. Kf2 Kd7 38. g4 fxg4 39. Bxg4+ Kd6 40. Be2 Kd5 41. Bc4+ Kd4 42. Be2 Kc3 43. Bd1 Kb2 44. a4 Kc1 45. Bf3 d1=Q 46. Bxd1 Kxd1 47. Kf3 Rf7 48. Kg4 Ke2 49. f5 Ke3 50. b4 Ke4 51. b5 Rxf5 52. bxc6 bxc6 53. Kh4 c5 54. Kg3 c4   {White resigns} 0-1

[Event "Team 45 45 League T23"]
[Site "Free Internet Chess Server"]
[Date "PDT.07.0"]
[Round "4"]
[White "Anarkyyst"]
[Black "SamuraiGoroh"]
[Result "1-0"]
[WhiteElo "1303"]
[BlackElo "1355"]
[TimeControl "2700+45"]

1. d4 e6 2. c4 Nf6 3. Bg5 Be7 4. Nc3 d5 5. cxd5 Nxd5 6. Bxe7 Nxe7 7. e4 c6 8. Nf3 f6 9. Bd3 Nd7 10. O-O Qb6 11. b3 c5 12. d5 e5 13. a3 O-O 14. Na4 Qd6 15. Nd2 Nb6 16. Bb5 a6 17. Nxb6 Qxb6 18. Ba4 f5 19. Nc4 Qf6 20. f3 b5 21. Ne3 bxa4 22. bxa4 a5 23. Rb1 Bd7 24. Rb7 Qd6 25. Qc2 Rab8 26. Qb1 g6 27. exf5 Nxf5 28. Nc4 Qxd5 29. Rxb8 Rxb8 30. Qxb8+ Kf7 31. Nxe5+ Ke7 32. Nxd7 Qxd7 33. Qe5+ Kd8 34. Qxc5 Qxa4 35. Qd5+ Ke8 36. Re1+ Kf8 37. Qc5+ Kg7 38. Qe5+ Kh6 39. Re4 Qxa3 40. g4 Nd6 41. Qf4+ Kg7 42. Re7+ Kg8 43. Rd7 Qa1+ 44. Kg2 Qb2+ 45. Kg3 Ne8 46. Qf7+ Kh8 47. Qxh7#   {Black checkmated} 1-0

[Event "Team 45 45 League T23"]
[Site "Free Internet Chess Server"]
[Date "PDT.07.0"]
[Round "4"]
[White "paultopia"]
[Black "nightryder"]
[Result "1-0"]
[WhiteElo "1367"]
[BlackElo "1427"]
[TimeControl "2700+45"]

1. e4 d5 2. exd5 Qxd5 3. Nc3 Qe5+ 4. Qe2 Qf5 5. Nf3 Nc6 6. d4 Nb4 7. Nb5 Kd8 8. Kd1 a6 9. Nxc7 Kxc7 10. Qc4+ Nc6 11. d5 Kd6 12. dxc6 Qd5+ 13. Qxd5+ Kxd5 14. cxb7 Bxb7 15. Be3 e5 16. c4+ Ke6 17. c5 Rd8+ 18. Kc2 Nf6 19. Bc4+ Nd5 20. Rad1 Be7 21. Rhe1 Kf6 22. Bg5+ Ke6 23. Rxe5+ Kd7 24. Bxe7 Rc8 25. b4 Kc7 26. Bxd5 Bxd5 27. Rexd5 Kc6 28. Rd8 Rhxd8 29. Rxd8 Rc7 30. Ne5+ Kb5 31. a3 Ka4 32. Kb2 Rxe7 33. Nc6 Re2+ 34. Kc3 Rxf2 35. Ra8 Kb5 36. Nd4+ Ka4 37. Rxa6#   {Black checkmated} 1-0

[Event "Team 45 45 League T23"]
[Site "Free Internet Chess Server"]
[Date "PDT.07.0"]
[Round "4"]
[White "JayH"]
[Black "KlassAct"]
[Result "0-1"]
[WhiteElo "1459"]
[BlackElo "1466"]
[TimeControl "2700+45"]

1. e4 e5 2. Nf3 Nc6 3. a3 Nf6 4. Nc3 Bc5 5. h3 d5 6. exd5 Nxd5 7. Bc4 Nxc3 8. bxc3 O-O 9. d3 Bf5 10. Ng5 Bg6 11. Qf3 e4 12. Qg3 exd3 13. cxd3 Re8+ 14. Kf1 Qf6 15. Nf3 Qxc3 16. Rb1 Bxd3+ 17. Kg1 Bxb1 18. Kh2 Bd6 19. Bf4 Bxf4 20. Qxf4 Bg6 21. Ng5 Qe5 22. Bxf7+ Bxf7 23. Qxe5 Rxe5 24. h4 Rd8 25. f4 Re2 26. Kh3 Rdd2 27. Rg1 Bd5 28. Kg4 Rxg2+ 29. Rxg2 Rxg2+ 30. Kh3 Ra2 31. h5 Rxa3+ 32. Kh4 h6   {White resigns} 0-1

[Event "Team 45 45 League T23"]
[Site "Free Internet Chess Server"]
[Date "PDT.07.0"]
[Round "4"]
[White "Triplea"]
[Black "manyhorses"]
[Result "1-0"]
[WhiteElo "1248"]
[BlackElo "1253"]
[TimeControl "2700+45"]

1. e4 d5 2. exd5 Qxd5 3. Nc3 Qe6+ 4. Be2 Nf6 5. d3 Nc6 6. Nf3 Bd7 7. O-O Qf5 8. Re1 Qg6 9. Nb5 O-O-O 10. Bf4 Bh3 11. g3 Nh5 12. Bxc7 Rd7 13. Ne5 Nxe5 14. Bxe5 Qc6 15. Nxa7+ Kd8 16. Nxc6+ bxc6 17. Bxh5 e6 18. Bg4 Bxg4 19. Qxg4 Re7 20. Qd4+ Rd7 21. Qb6+ Ke8 22. Re4 f5 23. Rd4 Rxd4 24. Bxd4 Be7 25. Re1 Kf7 26. Qc7 Re8 27. Re5 Kf8 28. Bc5 Bxc5 29. Rxc5 g5 30. a4 f4 31. gxf4 gxf4 32. a5 Kg8 33. Qxc6 Rf8 34. Qxe6+ Kh8 35. a6 Rg8+ 36. Kf1 h6 37. Qf6+ Kh7 38. Rc7+ Rg7 39. Rxg7+ Kh8 40. Qf8#   {Black checkmated} 1-0

[Event "Team 45 45 League T23"]
[Site "Free Internet Chess Server"]
[Date "PDT.07.0"]
[Round "4"]
[White "chesstalker"]
[Black "jerryrab"]
[Result "0-1"]
[WhiteElo "1292"]
[BlackElo "1258"]
[TimeControl "2700+45"]

1. d4 d6 2. e4 Nc6 3. Nc3 Nf6 4. e5 dxe5 5. dxe5 Nxe5 6. Qxd8+ Kxd8 7. Bf4 Nc6 8. Rd1+ Bd7 9. Nb5 Kc8 10. Nxc7 Rb8 11. Nf3 Nh5 12. Nd5 Nxf4 13. Nxf4 e5 14. Nd5 Nb4 15. Nxe5 Nxd5 16. Rxd5 Be6 17. Ra5 a6 18. a3 Ra8 19. Bc4 b6 20. Bxa6+ Kc7 21. Ra4 Bd6 22. f4 f6 23. Nd3 Rhe8 24. O-O Bd7 25. b4 Bxa4 26. Bc4 Bxc2 27. Rc1 Bxd3 28. Bxd3+ Kd8 29. Bb5 Bxf4 30. Rd1+ Kc7 31. Rd7+ Kb8 32. g3 Re1+ 33. Kg2 Bc1 34. Rd8+ Ka7 35. Rd7+ Kb8 36. Rd8+ Ka7 37. Rd7+ Kb8 38. Rd8+ Ka7 39. Rd7+ Kb8 40. Rd8+ Kb7 41. Rd7+ Kc8 42. a4 Re4 43. Bc6 Rxb4 44. Bxa8 Kxd7 45. Bd5 Rxa4 46. Bb3 Ra3 47. Bf7 b5 48. Kf2 b4 49. Bg8 h6 50. Bh7 b3 51. Bb1 Ra1 52. Bf5+ Ke7 53. Ke2 Ra2+ 54. Kd3 Rxh2 55. Kc3 b2 56. Bb1 Rg2   {White resigns} 0-1

[Event "Team 45 45 League T23"]
[Site "Free Internet Chess Server"]
[Date "PDT.07.0"]
[Round "4"]
[White "danke"]
[Black "Nogger"]
[Result "1/2-1/2"]
[WhiteElo "2072"]
[BlackElo "2004"]
[TimeControl "2700+45"]

1. g3 g6 2. Bg2 Bg7 3. e4 c5 4. Ne2 Nc6 5. O-O d6 6. c3 Nf6 7. d4 cxd4 8. cxd4 O-O 9. Nbc3 Re8 10. Qb3 Na5 11. Qc2 Bd7 12. h3 Rc8 13. Qd1 e5 14. d5 Nh5 15. b3 f5 16. Qd3 Nf6 17. Be3 a6 18. f3 b5 19. Rac1 b4 20. Nb1 Bb5 21. Qd2 Rb8 22. Rfe1 Rf8 23. Rc2 Bd7 24. Rec1 Rf7 25. Qd3 Bb5 26. Qd2 Bd7 27. Ba7 Rb7 28. Be3 Rb8   {Game drawn by repetition} 1/2-1/2

[Event "Team 45 45 League T23"]
[Site "Free Internet Chess Server"]
[Date "2004.06.30"]
[Round "4"]
[White "JohnR"]
[Black "twinders"]
[Result "1-0"]
[WhiteElo "1740"]
[BlackElo "1679"]
[TimeControl "2700+45"]

1. d4 Nf6 2. Nf3 e6 3. e3 b6 4. Bd3 Bb7 5. O-O c5 6. c3 Qc7 7. Nbd2 cxd4 8. exd4 Bd6 9. Qc2 Ng4 10. g3 Nf6 11. Ne4 Nxe4 12. Bxe4 Bxe4 13. Qxe4 Nc6 14. d5 f5 15. Qe2 Ne5 16. dxe6 dxe6 17. Nxe5 Bxe5 18. Re1 Bf6 19. Qxe6+ Qe7 20. Qc6+ Kf7 21. Rxe7+ Bxe7 22. Bf4 g6 23. Re1 Rhe8 24. Qe6+ Kf8 25. Bh6#   {Black checkmated} 1-0

[Event "Team 45 45 League T23"]
[Site "Free Internet Chess Server"]
[Date "PDT.07.0"]
[Round "4"]
[White "KymF"]
[Black "fege"]
[Result "1-0"]
[WhiteElo "2100"]
[BlackElo "1954"]
[TimeControl "2700+45"]

1. d4 Nf6 2. c4 g6 3. Nc3 Bg7 4. e4 d6 5. Nge2 O-O 6. Ng3 e5 7. d5 a5 8. Be2 Na6 9. h4 h5 10. Bg5 Qe8 11. Qd2 Nh7 12. Bh6 f5 13. exf5 Bxf5 14. Nxf5 Rxf5 15. Be3 Rf8 16. g4 Nf6 17. gxh5 Nxh5 18. Bxh5 gxh5 19. Rg1 Kh8 20. Bh6 Bf6 21. Bxf8 Qxf8 22. Ne4 Nc5 23. Qe2 Bg7 24. Qxh5+ Bh6 25. Rg6   {Black resigns} 1-0

[Event "Team 45 45 League T23"]
[Site "Free Internet Chess Server"]
[Date "2004.07.10"]
[Round "4"]
[White "StevenSun"]
[Black "nham"]
[Result "1/2-1/2"]
[WhiteElo "1879"]
[BlackElo "2002"]
[TimeControl "2700+45"]

1. e4 e5 2. Nf3 Nc6 3. Bb5 a6 4. Ba4 Nf6 5. O-O Nxe4 6. d4 b5 7. Bb3 d5 8. dxe5 Be6 9. c3 Bc5 10. Nbd2 O-O 11. Nxe4 dxe4 12. Ng5 Bxb3 13. axb3 e3 14. Bxe3 Bxe3 15. Qxd8 Rfxd8 16. fxe3 Nxe5 17. b4 h6 18. Ne4 Nc4 19. Nc5 Nxe3 20. Rf2 Rd6 21. Re1 Nd5 22. Rf5 Kf8 23. Ne6+ Kg8 24. Rxd5 Rxd5 25. Nxc7 Rad8 26. Nxd5 Rxd5 27. Ra1 Rd6 28. Kf2 Kf8 29. Ke1 Ke7 30. Ke2 Ke6 31. Kf3 f5 32. Re1+ Kf6 33. Re8 Kf7 34. Rc8 Ke6 35. Rc5 g5 36. Ke3 Kf6 37. Ke2 Ke6 38. b3 f4 39. c4 Rb6 40. cxb5 Rxb5 41. Rc6+ Kf5 42. Rxa6 Rxb4 43. Ra5+ Kf6 44. Ra3 Kf5 45. Kd3 g4 46. Ra5+ Kf6 47. Kc3 Re4 48. Ra2 f3 49. Kd3 fxg2 50. Rxg2 Rb4 51. Kc3 Rf4 52. b4 Ke6 53. Rd2 h5 54. b5 Rf7 55. Kb4 Rd7 56. Rc2 h4 57. b6 Rb7 58. Kc5 Kf5 59. Kc6 Rb8 60. b7 g3 61. Kc7 Rxb7+ 62. Kxb7 gxh2 63. Rxh2 Kg4 64. Rb2 Kg3 65. Rb3+ Kg2 66. Rb4 h3 67. Rg4+ Kf2 68. Rh4 Kg2 69. Rxh3 Kxh3   {Neither player has mating material} 1/2-1/2

[Event "Team 45 45 League T23"]
[Site "Free Internet Chess Server"]
[Date "PDT.07.0"]
[Round "4"]
[White "reck"]
[Black "Tomukas"]
[Result "1/2-1/2"]
[WhiteElo "1829"]
[BlackElo "1864"]
[TimeControl "2700+45"]

1. e4 c6 2. d4 d5 3. exd5 cxd5 4. c4 Nf6 5. Nc3 e6 6. Nf3 Be7 7. a3 O-O 8. c5 b6 9. b4 a5 10. Bb2 axb4 11. axb4 Rxa1 12. Qxa1 bxc5 13. dxc5 Qc7 14. Bd3 Nc6 15. Ba3 Ne5 16. Nxe5 Qxe5+ 17. Be2 Ba6 18. Bb2 d4 19. b5 dxc3 20. Bxc3 Qxc5 21. bxa6 Ne4 22. Bd4 Qb4+ 23. Kf1 Nd2+ 24. Kg1 Rb8 25. g3 Nb3 26. Qa2 Nxd4 27. Bd3 Nf3+ 28. Kf1 g6 29. Qe2 Nd4 30. Qe3 Bc5 31. Kg2 Nb5 32. Qe5 Bd6 33. Qe3 Qd4 34. Qf3 Qb6 35. Bxb5 Qxb5 36. a7 Bc5 37. axb8=Q+ Qxb8 38. Qc3 Qb6 39. Ra1 Bd4 40. Qc8+ Kg7 41. Rd1 Bxf2 42. Qc3+ Kf8 43. Rd7 e5 44. Qxe5 Qc6+ 45. Rd5 Bb6 46. Kh3 Qc8+ 47. g4 Qc7 48. Qh8+ Ke7 49. Re5+ Kd7 50. Qf6 Qc3+ 51. Kg2 Qb2+ 52. Kh3 Qc3+   {Game drawn by mutual agreement} 1/2-1/2

[Event "Team 45 45 League T23"]
[Site "Free Internet Chess Server"]
[Date "PDT.07.0"]
[Round "4"]
[White "JNBrow"]
[Black "sonareclipse"]
[Result "0-1"]
[WhiteElo "1703"]
[BlackElo "2051"]
[TimeControl "2700+45"]

1. d4 d5 2. c4 e6 3. Nc3 Nf6 4. Nf3 Be7 5. Bg5 Nbd7 6. e3 O-O 7. Bd3 b6 8. Rc1 Bb7 9. O-O c5 10. Re1 Rc8 11. cxd5 exd5 12. Bb1 Ne4 13. Bxe7 Qxe7 14. dxc5 bxc5 15. Nxd5 Qe6 16. Nf4 Qe7 17. Qa4 Bc6 18. Qc4 Nb6 19. Qe2 g5 20. Bxe4 Bxe4 21. Nd3 Rfd8 22. Red1 Rd5 23. Nfe1 c4 24. f3 Bxd3 25. Nxd3 cxd3 26. Rxc8+ Nxc8 27. Qf2 Nb6 28. b3 Qc5 29. f4 Qc2 30. Qf3 Qe2 31. fxg5 Qxf3 32. gxf3 Rxg5+   {White resigns} 0-1